AoeStats
← nicopa6947

African Clearing

519985684Analyzed
3v3 RM · 7d ago on Nov 9, 2026· 23m 28s· 6 players
Game mode
Random Map
Map size
Normal (6 player)
Population
200
Speed
Normal
Resources
Standard
Victory
Conquest
Starting age
Dark Age
Ending age
Imperial Age
RankedLock teamsTeams togetherTeam positionsShared explorationLock speedFull tech treeHidden civsTurbo modeCheats
Victory
Defeat
🇺🇸 Maya · United States
731
+17
🇺🇸 Gurjaras · United States
713
+17
🇺🇸 Chinese · United States
682
+18
vs
🇦🇷 Japanese · Argentina
810
-54
🇦🇷 Mongols · Argentina
702
-37
🇦🇷 Burgundians · Argentina
702
-37
echo6golf
14:18 Feudal Age
17:33 Double-Bit Axe
21:49 Castle Age
20:50 Fletching
21:54 Crossbowman
22:42 Thumb Ring
22:45 Padded Archer Armor
fraustingman201
5:04 Loom
14:51 Feudal Age
16:31 Wheelbarrow
18:23 Double-Bit Axe
18:38 Stone Mining
22:23 Horse Collar
言覃
15:31 Feudal Age
17:27 Wheelbarrow
16:40 Double-Bit Axe
20:41 Town Watch
BothCastle02071
16:34 Feudal Age
25:10 Castle Age
nicopa6947
5:06 Loom
19:18 Feudal Age
FastPlum293
13:53 Double-Bit Axe
18:14 Feudal Age
16:34 Horse Collar
21:51 Town Watch
Connection lost

Rejoining the realm…

Still unreachable

The connection could not be restored.

Session expired

The server has moved on; the page needs a fresh start.